 Dungeon Crawl Stone Soup version 0.23.1-37-gaa34b87 (webtiles) character file.

Game seed: 17565017200394583989

29025 rok the Severer (level 13, -1/118 HPs)
             Began as a Minotaur Berserker on Mar 25, 2019.
             Was a High Priest of Trog.
             Slain by an emperor scorpion (6 damage)
             ... on level 2 of the Spider Nest.
             The game lasted 02:21:28 (10701 turns).

rok the Severer (Minotaur Berserker)               Turns: 10701, Time: 02:21:31

Health: -1/118     AC: 18    Str: 31    XL:     13   Next: 12%
Magic:  4/4        EV: 19    Int:  4    God:    Trog [*****.]
Gold:   857        SH:  0    Dex: 10    Spells: 12/12 levels left

rFire    . . .     SeeInvis .   a - +2 battleaxe (antimagic)
rCold    + . .     Gourm    .   (shield currently unavailable)
rNeg     . . .     Faith    .   P - +6 scale mail "Jaypeliw" {rPois rC+ MR+ rCorr}
rPois    +         Spirit   .   (helmet restricted)
rElec    .         Reflect  .   q - +1 cloak
rCorr    +         Harm     .   (no gloves)
MR       +....                  Y - +0 pair of boots
Stlth    ..........             (no amulet)
HPRegen  0.29/turn              z - +5 ring of evasion
MPRegen  0.09/turn              J - +4 ring of strength

@: about to teleport
A: retaliatory headbutt, horns 2
a: Berserk, Trog's Hand, Brothers in Arms, Renounce Religion


You were on level 2 of the Spider Nest.
You worshipped Trog.
Trog was extremely pleased with you.
You were not hungry.

You visited 4 branches of the dungeon, and saw 15 of its levels.
You also visited: Sewer and Ossuary.

You collected 857 gold pieces.

Inventory:

Hand Weapons
 a - a +2 antimagic battleaxe (weapon)
 b - a +0 halberd of protection
 l - a +2 antimagic great mace
 K - a +0 antimagic hand axe
 R - a +5 dire flail of freezing
 X - a +5 mace
Armour
 d - a +0 cloak of magic resistance
 e - a +1 pair of gloves
 q - a +1 cloak (worn)
 P - the +6 scale mail "Jaypeliw" (worn) {rPois rC+ MR+ rCorr}
   (You found it on level 6 of the Dungeon)

   It protects you from cold.
   It protects you from poison.
   It affects your resistance to hostile enchantments.
   It provides partial protection from all sources of acid and corrosion.
 Y - a +0 pair of boots (worn)
Jewellery
 h - an uncursed ring of stealth
 z - a +5 ring of evasion (left hand)
 J - a +4 ring of strength (right hand)
 L - an uncursed ring of resist corrosion
 Z - a +2 ring of intelligence
Scrolls
 f - a scroll of teleportation
 o - 2 scrolls of identify
 p - 2 scrolls of enchant armour
 t - 2 scrolls of remove curse
 y - a scroll of amnesia
 G - 3 scrolls of immolation
 W - a scroll of fog
Potions
 i - 7 potions of curing
 j - 3 potions of magic
 u - 3 potions of haste
 x - 2 potions of brilliance
 A - a potion of invisibility
 D - 2 potions of berserk rage
 H - a potion of flight
 I - 2 potions of ambrosia
 T - a potion of resistance
 V - a potion of lignification {unknown}
Comestibles
 c - 17 rations
 m - a chunk of flesh


   Skills:
 + Level 12.0 Fighting
 + Level 16.6(17.5) Axes
 + Level 10.5(14.7) Maces & Flails
 + Level 10.6 Armour
 + Level 7.6 Dodging
 + Level 2.1 Stealth


You had 12 spell levels left.
You didn't know any spells.
Your spell library contained the following spells:

 Spells                   Type           Power        Failure   Level  Hunger
 Animate Skeleton         Necr           N/A          69%         1    ##.....
 Corona                   Hex            #......      69%         1    ##.....
 Pain                     Necr           #...         69%         1    ##.....
 Ensorcelled Hibernation  Hex/Ice        #.....       83%         2    ###....
 Confuse                  Hex            #.......     96%         3    ####...
 Dazzling Spray           Conj/Hex       #.....       96%         3    ####...
 Regeneration             Chrm/Necr      #.........   96%         3    ####...
 Tukima's Dance           Hex            #.......     96%         3    ####...
 Vampiric Draining        Necr           #.........   96%         3    ####...
 Animate Dead             Necr           N/A          100%        4    #####..


Dungeon Overview and Level Annotations

Branches:
Dungeon (10/15)            Temple (1/1) D:5            Lair (2/6) D:10
 Spider (2/4) Lair:2
  Swamp: Lair:2-4    Shoals: Lair:2-4       Orc: D:9-12

Altars:
Ashenzari
Cheibriados
Dithmenos
Elyvilon
Fedhas
Gozag
Hepliaklqana
Kikubaaqudgha
Makhleb
Nemelex Xobeh
Okawaru
Qazlal
Ru
Sif Muna
Trog
Uskayaw
Vehumet
Wu Jian
Xom
Yredelemnul
Zin
The Shining One


Innate Abilities, Weirdness & Mutations

You reflexively headbutt those who attack you in melee.
You have a pair of horns on your head.


Message History

The emperor scorpion completely misses you.
You furiously retaliate!
You headbutt the emperor scorpion, but do no damage.
The emperor scorpion claws you but does no damage.
The emperor scorpion closely misses you.
It was a potion of cancellation.
Your magical effects are unravelling.
You feel magically purged.
You feel a little less mighty now.
You feel a little less agile now.
The emperor scorpion stings you but does no damage.
The emperor scorpion claws you.
* * * LOW HITPOINT WARNING * * *
The emperor scorpion closely misses you.
As you read the scroll of teleportation, it crumbles to dust.
You feel strangely unstable.
The emperor scorpion completely misses you.
You furiously retaliate!
You headbutt the emperor scorpion, but do no damage.
The emperor scorpion claws you.
You die...

^...#..%.#.#[....^.#..
##.##..........##....#..
###......#...............
#..#........#.......^..
#..^^^^^........#.#....
##.^...^......#........
#.^.>.^....#.........
##^...^.##........#.#
#^^^^^##...@s......#.
###^..#.............#
##.###..##..#.....^
####.....$...#...#
#.........# ...
#....../..# #.
###.......^ ##....#...
#...##..#.


You could see an emperor scorpion.

Vanquished Creatures
  Josephine (Spider:1)
  A hydra (Lair:2)
  Urug (Lair:1)
  10 wolf spider zombies (Spider:1)
  Pikel (D:8)
  A necromancer (Spider:1)
  A wolf spider (Spider:2)
  A black mamba (Lair:2)
  Joseph (D:9)
  2 spiny frogs
  A gargoyle (D:10)
  9 redback zombies (Spider:1)
  A komodo dragon (Lair:1)
  A jumping spider (Spider:2)
  6 tarantella zombies (Spider:1)
  3 trolls
  A queen bee (D:8)
  5 blink frogs (Lair:1)
  4 hippogriffs
  6 redbacks
  Sigmund (D:2)
  10 yaks
  4 tarantellas (Spider:2)
  5 wraiths (Spider:1)
  Eustachio (D:4)
  2 wyverns (Lair:2)
  2 basilisks (Lair:1)
  A hungry ghost (D:9)
  2 wargs (D:10)
  2 porcupines (Lair:1)
  4 water moccasins
  Duvessa (D:6)
  Purgy (Sewer)
  A black bear (D:9)
  A sky beast (D:9)
  2 slaves (D:8)
  3 ice beasts
  An eye of draining (D:4)
  7 ogres
  7 orc warriors
  A phantom (D:4)
  5 centaurs
  2 crocodiles
  Blork the orc (D:4)
  4 bullfrogs
  A gnoll sergeant (D:9)
  A wyvern skeleton (D:6)
  2 scorpions
  Dowan (D:6)
  22 killer bees
  7 wights
  2 crimson imps (D:6)
  A bullfrog zombie (D:7)
  4 orc priests
  7 orc wizards
  A quasit (D:8)
  Crazy Yiuf (D:2)
  2 hounds
  9 worker ants
  2 iguanas
  A hound skeleton (D:2)
  4 mummies (Ossuary)
  Robin (D:4)
  9 gnolls
  11 adders
  2 shadow imps (D:6)
  3 adder skeletons
  3 adder zombies
  6 worms
  4 dart slugs
  6 leopard geckos
  27 orcs
  4 ball pythons
  13 bats
  4 giant cockroaches
  3 gnoll zombies (Ossuary)
  12 goblins
  6 hobgoblins
  21 jackals
  4 quokkas
  3 frilled lizards
  A hobgoblin zombie (Ossuary)
  2 jackal zombies
  7 kobolds
  A quokka skeleton (D:5)
  9 rats
  5 rat zombies (Ossuary)
  2 butterflies (D:5)
  13 fungi
  A plant (D:2)
379 creatures vanquished.

Vanquished Creatures (collateral kills)
  Nikola (Spider:1)
  A tarantella zombie (Spider:1)
  A porcupine (Lair:2)
  A bullfrog (Lair:2)
4 creatures vanquished.

Vanquished Creatures (others)
  A wolf spider zombie (Spider:1)
  2 slaves (D:8)
  A killer bee (D:8)
  2 fungi (Lair:2)
6 creatures vanquished.

Grand Total: 389 creatures vanquished

Notes
Turn   | Place    | Note
-------+----------+-------------------------------------------
     0 | D:1      | rok the Minotaur Berserker began the quest for the Orb.
     0 | D:1      | Reached XP level 1. HP: 19/19 MP: 0/0
   125 | D:1      | Reached XP level 2. HP: 19/27 MP: 1/1
   208 | D:1      | Reached skill level 4 in Axes
   676 | D:2      | Reached XP level 3. HP: 23/33 MP: 2/2
   745 | D:2      | Found an opulent altar of Gozag.
   807 | D:2      | Reached ** piety under Trog
  1004 | D:2      | Found a runed translucent door.
  1005 | D:2      | Noticed Crazy Yiuf
  1104 | D:2      | Killed Crazy Yiuf
  1104 | D:2      | Reached XP level 4. HP: 25/41 MP: 0/3
  1382 | D:2      | Reached skill level 5 in Axes
  1468 | D:2      | Noticed Sigmund
  1475 | D:2      | Killed Sigmund
  1475 | D:2      | Reached skill level 5 in Fighting
  1475 | D:2      | Reached XP level 5. HP: 34/48 MP: 4/4
  1475 | D:2      | Reached XP level 6. HP: 40/56 MP: 5/5
  2057 | D:3      | Reached skill level 6 in Axes
  2170 | D:3      | Reached *** piety under Trog
  2179 | D:3      | Found a glowing drain.
  2184 | Sewer    | Entered a sewer
  2210 | Sewer    | Noticed Purgy
  2222 | Sewer    | Killed Purgy
  2240 | Sewer    | Got a pitted chain mail
  2253 | Sewer    | Identified the +4 chain mail of Coronation {+Fly MR+ SInv}
                  | (You found it in a sewer)
  2387 | D:4      | Noticed Robin
  2398 | D:4      | Killed Robin
  2402 | D:4      | Reached skill level 5 in Armour
  2402 | D:4      | Reached XP level 7. HP: 61/61 MP: 6/6
  2491 | D:4      | Reached skill level 7 in Axes
  2545 | D:4      | Noticed Blork the orc
  2553 | D:4      | Killed Blork the orc
  2567 | D:4      | Noticed Eustachio
  2606 | D:4      | Killed Eustachio
  2650 | D:4      | Found a white marble altar of Elyvilon.
  2670 | D:4      | Reached skill level 1 in Stealth
  2756 | D:4      | Reached skill level 8 in Axes
  2936 | D:4      | Found a bloodstained altar of Trog.
  2941 | D:4      | Reached XP level 8. HP: 70/70 MP: 0/7
  3080 | D:5      | Entered Level 5 of the Dungeon
  3132 | D:5      | Reached **** piety under Trog
  3393 | D:5      | Found a staircase to the Ecumenical Temple.
  3920 | Temple   | Entered the Ecumenical Temple
  4626 | D:6      | Reached skill level 9 in Axes
  4789 | D:6      | Found a glowing golden altar of the Shining One.
  4796 | D:6      | Got a translucent scale mail
  5019 | D:6      | Noticed Dowan
  5032 | D:6      | Killed Dowan
  5033 | D:6      | Noticed Duvessa
  5053 | D:6      | Killed Duvessa
  5222 | D:6      | Found a hazy altar of Hepliaklqana.
  5409 | D:6      | Reached skill level 10 in Axes
  5409 | D:6      | Reached XP level 9. HP: 79/79 MP: 2/8
  5771 | D:7      | Reached ***** piety under Trog
  5778 | D:7      | Reached skill level 1 in Maces & Flails
  5924 | D:7      | Reached skill level 5 in Dodging
  6012 | D:7      | Found a sand-covered staircase.
  6016 | Ossuary  | Entered an ossuary
  6528 | D:8      | Noticed a troll
  6530 | D:8      | Noticed Pikel
  6538 | D:8      | Killed Pikel
  6538 | D:8      | Reached skill level 5 in Maces & Flails
  6541 | D:8      | Killed a troll
  6811 | D:8      | Reached XP level 10. HP: 62/88 MP: 9/9
  7751 | D:9      | Found a shimmering altar of Xom.
  7864 | D:9      | Noticed Joseph
  7879 | D:9      | Killed Joseph
  7919 | D:9      | Found a sparkling altar of Nemelex Xobeh.
  7919 | D:9      | Found a shattered altar of Ashenzari.
  7933 | D:9      | Found a shadowy altar of Dithmenos.
  7943 | D:9      | Found a hide-covered altar of Uskayaw.
  7944 | D:9      | Found a snail-covered altar of Cheibriados.
  8368 | D:9      | Identified the +6 scale mail "Jaypeliw" {rPois rC+ MR+
                  | rCorr} (You found it on level 6 of the Dungeon)
  8573 | D:10     | Entered Level 10 of the Dungeon
  8584 | D:10     | Reached skill level 10 in Maces & Flails
  8587 | D:10     | Received a gift from Trog
  8792 | D:10     | Noticed a gargoyle
  8800 | D:10     | Killed a gargoyle
  8879 | D:10     | Reached XP level 11. HP: 93/97 MP: 3/10
  8897 | D:10     | Reached skill level 11 in Axes
  8926 | D:10     | Found a staircase to the Lair.
  8935 | Lair:1   | Entered Level 1 of the Lair of Beasts
  9073 | Lair:1   | Reached skill level 12 in Axes
  9237 | Lair:1   | Reached skill level 10 in Fighting
  9504 | Lair:1   | Noticed Urug
  9524 | Lair:1   | Killed Urug
  9524 | Lair:1   | Reached skill level 13 in Axes
 10002 | Lair:2   | Noticed a seven-headed hydra
 10020 | Lair:2   | Killed an 11-headed hydra
 10247 | Lair:2   | Found a hole to the Spider Nest.
 10256 | Spider:1 | Entered Level 1 of the Spider Nest
 10261 | Spider:1 | Noticed Josephine
 10265 | Spider:1 | Reached XP level 12. HP: 103/108 MP: 3/11
 10272 | Spider:1 | Reached skill level 10 in Armour
 10275 | Spider:1 | Received a gift from Trog
 10275 | Spider:1 | Reached skill level 14 in Axes
 10290 | Spider:1 | Killed Josephine
 10346 | Spider:1 | Reached skill level 15 in Axes
 10382 | Spider:1 | Noticed Nikola
 10413 | Spider:1 | Killed Nikola
 10413 | Spider:1 | Reached skill level 16 in Axes
 10428 | Spider:1 | Reached XP level 13. HP: 47/117 MP: 4/12
 10686 | Spider:2 | Noticed an emperor scorpion
 10700 | Spider:2 | HP: 5/118 [emperor scorpion (6)]
 10701 | Spider:2 | Slain by an emperor scorpion

Skill      XL: |  1  2  3  4  5  6  7  8  9 10 11 12 13 |
---------------+----------------------------------------+-----
Fighting       | 4 5 6 7 8 9 10 11 12 | 12.0
Axes           | 4 5 6 8 10 13 16 | 16.6
Armour         | 3 4 5 6 7 8 9 10 | 10.6
Dodging        | 3 4 5 6 7 |  7.6
Stealth        | 1 2 |  2.1
Maces & Flails | 7 10 | 10.5

Action                   |  1- 3 |  4- 6 |  7- 9 | 10-12 | 13-15 || total
-------------------------+-------+-------+-------+-------+-------++-------
Melee: Hand axe          |    65 |   129 |   234 |       |       ||   428
       Headbutt          |    13 |    29 |    73 |   126 |     4 ||   245
       Dire flail        |       |       |   104 |   142 |       ||   246
       Battleaxe         |       |       |       |   356 |    31 ||   387
Invok: Trog's Hand       |       |       |       |     6 |       ||     6
       Brothers in Arms  |       |       |       |     2 |       ||     2
  Use: Scroll            |       |     1 |       |    13 |     5 ||    19
       Potion            |       |       |       |    17 |     4 ||    21
  Eat: Ration            |       |     1 |     3 |     3 |       ||     7
       Chunk             |       |     2 |     5 |     7 |       ||    14
Armor: Animal skin       |     1 |       |       |       |       ||     1
       Ring mail         |    20 |    22 |       |       |       ||    42
       Scale mail        |       |    17 |    30 |   160 |    20 ||   227
       Chain mail        |       |     3 |    47 |       |       ||    50
Dodge: Dodged            |    44 |    85 |   219 |   458 |    38 ||   844
